Map: Torches LE

Players

McZero

  • Race: Protoss Protoss
  • League: Grandmaster
  • Spawn Location: 1:00

Vindicta - Winner!

  • Race: Terran Terran
  • League: Master
  • Spawn Location: 5:00

VOD

Have the link to the VOD?

Description

Time

  • Played on: May 14, 2025, 7:52 p.m.
  • Length: 8:09
Show
View Real Time Build Order
Export as new Build Order

McZero Protoss 

Build Orders: 1 Gate Expand, Blink Stalkers 

Get SALT Encoding   

  12  0:00  Probe  
  13  0:12  Probe  
  14  0:17  Pylon  
  14  0:24  Probe  
  15  0:32  Probe  
  15  0:37  Gateway  
  15  0:40  Probe  
  16  0:46  Assimilator  
  17  0:51  Probe  
  18  1:03  Probe  
  19  1:15  Probe  
  20  1:24  Nexus  
  20  1:33  Cybernetics Core  
  20  1:36  Probe  
  21  1:40  Assimilator  
  21  1:48  Probe  
  21  1:51  Pylon  
  22  1:58  Stalker  
  22  2:00  Probe  
  23  2:10  Warp Gate  
  23  2:12  Probe  
  26  2:23  Twilight Council  
  26  2:24  Probe  
  26  2:29  Adept  
  29  2:31  Blink  
  29  2:32  Probe  
  29  2:36  Probe  
  31  2:40  Probe  
  31  2:48  Probe  
  31  2:50  Probe  
  34  3:00  Probe  
  34  3:03  Probe  
  36  3:07  Gateway  
  36  3:13  Probe  
  36  3:15  Probe  
  36  3:17  Robotics Facility  
  38  3:25  Probe  
  39  3:29  Probe  
  40  3:38  Probe  
  42  3:41  Probe  
  42  3:53  Probe  
  40  3:55  Probe  
  40  4:01  Stalker x2  
  42  4:06  Probe  
  42  4:07  Observer  
  42  4:09  Probe  
  43  4:15  Shield Battery  
  43  4:18  Probe  
  43  4:21  Nexus, Probe  
  45  4:24  Observer  
  45  4:26  Pylon  
  46  4:32  Assimilator, Gateway  
  46  4:40  Pylon  
  46  4:44  Probe x2  
  48  4:47  Stalker x2  
  48  4:50  Charge  
  52  4:56  Probe x2, Forge  
  54  5:08  Probe x2  
  55  5:17  Gateway  
  55  5:19  Gateway  
  55  5:20  Probe x2  
  55  5:21  Gateway, Protoss Ground Weapons Level 1  
  57  5:27  Stalker  
  59  5:30  Sentry  
  59  5:31  Probe  
  59  5:32  Probe  
  59  5:34  Gateway  
  63  5:37  Probe  
  63  5:39  Probe, Pylon x2  
  64  5:46  Probe  
  64  5:48  Probe  
  64  5:49  Zealot  
  68  5:50  Probe  
  70  5:57  Zealot  
  70  5:58  Probe  
  70  5:59  Probe  
  70  6:00  Zealot  
  70  6:02  Probe  
  70  6:03  Immortal  
  77  6:10  Robotics Bay  
  77  6:17  Probe x2  
  77  6:18  Pylon  
  83  6:21  Zealot  
  83  6:22  Zealot  
  87  6:31  Zealot x3  
  93  6:34  Pylon  
  93  6:40  Assimilator  
  93  6:47  Zealot x4  
  101  6:54  Zealot x2  
  101  6:58  Colossus  
  101  7:01  Pylon  
  105  7:02  Pylon  
  105  7:13  Zealot  
  109  7:19  Pylon  
  109  7:21  Zealot x6  
  121  7:29  Probe  
  122  7:31  Pylon, Probe  
  122  7:32  Probe  
  120  7:50  Zealot x3  
  120  7:51  Zealot x4  
Show
View Real Time Build Order
Export as new Build Order

Vindicta Terran - Winner!

Build Orders:  

Get SALT Encoding   

  12  0:00  SCV  
  13  0:12  SCV  
  14  0:18  Supply Depot  
  14  0:24  SCV  
  15  0:39  SCV  
  15  0:41  Barracks  
  16  0:44  Refinery  
  16  0:51  SCV  
  17  1:04  SCV  
  18  1:16  SCV  
  19  1:29  Marine  
  19  1:30  Orbital Command  
  20  1:45  Command Center  
  20  1:49  Barracks Reactor  
  20  1:56  SCV  
  20  2:01  Supply Depot  
  21  2:08  SCV  
  22  2:17  Factory  
  22  2:20  SCV  
  23  2:26  Marine, Reaper  
  23  2:29  Bunker  
  25  2:32  SCV  
  26  2:40  Refinery  
  26  2:44  SCV, Marine  
  28  2:57  SCV, Orbital Command  
  29  3:03  Hellion  
  31  3:08  Marine  
  31  3:09  Starport  
  31  3:12  Marine  
  34  3:20  SCV  
  34  3:24  SCV  
  34  3:26  Factory Tech Lab, Marine  
  36  3:30  Marine  
  36  3:32  SCV  
  38  3:38  SCV  
  38  3:44  SCV, Marine  
  40  3:49  Marine  
  40  3:50  SCV  
  40  3:53  Factory Tech Lab  
  40  3:55  Raven  
  44  3:56  SCV  
  44  3:57  Barracks  
  44  4:02  Marine  
  46  4:04  Supply Depot  
  46  4:05  Supply Depot  
  46  4:07  SCV  
  46  4:08  Marine  
  46  4:21  Barracks  
  46  4:25  Siege Tank, SCV x2  
  46  4:28  Marine, Supply Depot  
  46  4:30  Supply Depot  
  46  4:31  Marine  
  52  4:37  SCV x2  
  55  4:42  Refinery  
  55  4:43  Engineering Bay  
  55  4:50  Starport Reactor, SCV x2  
  57  4:53  Stimpack  
  57  4:57  Siege Tank  
  57  4:59  Marauder  
  62  5:02  SCV  
  62  5:03  Supply Depot  
  62  5:05  Marine x2  
  65  5:07  SCV  
  65  5:14  Barracks Tech Lab, SCV  
  67  5:19  Terran Infantry Weapons Level 1, SCV  
  67  5:20  Refinery, Marine  
  69  5:22  Marine  
  69  5:26  Marine, Supply Depot  
  69  5:27  SCV  
  71  5:35  Combat Shield  
  71  5:36  Barracks  
  71  5:38  Barracks, Marauder  
  71  5:40  Marauder  
  76  5:45  SCV x2  
  76  5:48  Marine x2  
  79  5:55  Medivac  
  81  6:00  Marauder  
  81  6:01  Medivac  
  81  6:02  Supply Depot  
  85  6:05  Marine  
  85  6:06  Factory Reactor, Marine  
  85  6:09  Marine  
  88  6:11  Supply Depot  
  88  6:21  Marauder  
  88  6:23  Marauder, Marine  
  93  6:25  Supply Depot  
  93  6:26  Barracks Reactor, Marine  
  93  6:29  Medivac  
  96  6:33  Concussive Shells  
  96  6:36  Marine  
  96  6:38  Supply Depot  
  97  6:41  Marine  
  97  6:42  Marauder  
  97  6:44  Marine x2  
  100  6:48  Widow Mine x2  
  103  6:55  Marauder  
  103  6:58  Medivac  
  103  6:59  Marine  
  103  7:01  Supply Depot  
  108  7:02  Marine x2  
  108  7:07  Marine  
  108  7:08  Marauder  
  115  7:15  Widow Mine  
  116  7:16  Widow Mine, Marine  
  116  7:17  Marine  
  116  7:19  Medivac, Marine  
  116  7:20  Marine  
  116  7:21  Supply Depot  
  116  7:22  Marine  
  123  7:31  Marauder, Marine  
  123  7:33  Marine  
  123  7:36  Widow Mine  
  129  7:37  Widow Mine  
  129  7:39  Marine  
  129  7:44  Marine  
  135  7:46  Marine  
  135  7:49  Marine  
  135  7:51  Marine  
Tags
 
Add a new tag
Caveats
  • Supply blocks, unpowered buildings, or Contaminate may cause inaccurate times.
  • Supply counts are checked every 10 seconds.